 Dungeon Crawl Stone Soup version 0.29-a0-341-g24ffce5b50 (webtiles) character file.

Game seed: 4984489291243786427

902 snetch the Chopper (level 7, -4/61 HPs)
             Began as a Minotaur Berserker on Apr 20, 2022.
             Was a Priest of Trog.
             Killed from afar by an orc wizard (5 damage)
             ... with a puff of flame
             ... on level 5 of the Dungeon.
             The game lasted 00:13:19 (4456 turns).

snetch the Chopper (Minotaur Berserker)             Turns: 4456, Time: 00:13:26

Health: -4/61      AC: 10    Str: 24    XL:     7   Next: 80%
Magic:  15/15      EV:  9    Int: 10    God:    Trog [***...]
Gold:   467        SH:  0    Dex:  9    Spells: 6/6 levels left

rFire   . . .      SeeInvis .   b - +2 whip (elec)
rCold   . . .      Faith    .   (no shield)
rNeg    . . .      Spirit   .   j - +0 chain mail
rPois   .          Reflect  .   (helmet restricted)
rElec   .          Harm     .   y - +0 cloak
rCorr   .          Rampage  .   (no gloves)
Will    .....                   (no boots)
Stlth   ..........              (no amulet)
HPRegen 0.20/turn               n - ring of magical power
MPRegen 0.14/turn               r - +6 ring of intelligence

@: no status effects
A: horns 2, retaliatory headbutt
a: Renounce Religion, Berserk, Trog's Hand


You were on level 5 of the Dungeon.
You worshipped Trog.
Trog was most pleased with you.
You visited 1 branch of the dungeon, and saw 5 of its levels.
You visited the Abyss 1 time.
You also visited: Ossuary.

You collected 467 gold pieces.

Inventory:

Hand Weapons
 a - a +0 war axe
 b - a +2 whip of electrocution (weapon)
 c - a +0 spear of venom
 t - a +0 trident
 u - a +1 whip of venom
 x - a +3 quarterstaff of chaos
Missiles
 l - a poisoned dart (quivered)
 s - 140 stones
 v - 3 boomerangs
 B - 2 throwing nets
Armour
 j - a +0 chain mail (worn)
 y - a +0 cloak (worn)
Jewellery
 n - a ring of magical power (left hand)
 r - a +6 ring of intelligence (right hand)
Scrolls
 d - 4 scrolls of identify {unknown}
 f - 2 scrolls of teleportation {unknown}
 g - a scroll of torment {unknown}
 h - 3 scrolls of fog {unknown}
 k - 4 scrolls of enchant armour {unknown}
 m - a scroll of amnesia {unknown}
 o - a scroll of immolation {unknown}
 q - 2 scrolls of enchant weapon {unknown}
 z - a scroll of blinking {unknown}
 D - a scroll of holy word {unknown}
Potions
 e - 2 potions of might
 i - 2 potions of resistance
 p - a potion of cancellation
 w - a potion of heal wounds {unknown}
 A - 2 potions of brilliance {unknown}
 C - a potion of degeneration {unknown}


   Skills:
 + Level 5.4 Fighting
 + Level 6.9(7.5) Axes
 + Level 4.2(6.2) Maces & Flails
 + Level 2.4 Throwing
 + Level 4.8 Armour
 + Level 3.4 Dodging
 + Level 0.9 Stealth


You had 6 spell levels left.
You didn't know any spells.
Your spell library contained the following spells:

 Spells                   Type           Power      Damage    Failure   Level
 Sandblast                Erth           0%         2d4       95%         1
 Passwall                 Tmut/Erth      0%         N/A       98%         2
 Dazzling Flash           Conj/Hex       0%         N/A       100%        3
 Stone Arrow              Conj/Erth      0%         3d7       100%        3
 Tukima's Dance           Hex            0%         N/A       100%        3
 Anguish                  Hex/Necr       0%         N/A       100%        4
 Iskenderun's Mystic Bla  Conj/Tloc      0%         2d3       100%        4
 Freezing Cloud           Conj/Ice/Air   0%         6-21      100%        5
 Simulacrum               Ice/Necr       0%         N/A       100%        6
 Starburst                Conj/Fire      0%         6d3       100%        6
 Enfeeble                 Hex            0%         N/A       100%        7
 Polar Vortex             Ice            0%         N/A       100%        9


Dungeon Overview and Level Annotations

Branches:
Dungeon (5/15)            Ossuary (visited)
 Temple: D:4-7

Altars:


Innate Abilities, Weirdness & Mutations

You have a pair of horns on your head.
You reflexively headbutt those who attack you in melee.


Message History

You hit the orc sorcerer but do no damage.
Lightning courses through the orc sorcerer!
You kill the orc sorcerer!
That felt strangely unrewarding.
The hellwing disappears in a puff of smoke!
A small abomination comes into view.
The substance of the Abyss twists violently, and a gateway leading out appears!
There is a gateway leading out of the Abyss here.
You pass through the gate.
Welcome back to the Dungeon!
The scorpion stings you.
* * * LOW HITPOINT WARNING * * *
The orc wizard mumbles some strange words.
The orc wizard flickers and vanishes!
Deactivating autopickup; reactivate with Ctrl-A.
The orc barely misses you. x2; The scorpion stings you.
* * * LOW HITPOINT WARNING * * *
There is a stone staircase leading up here.
Okay, then.
It was a potion of might.
You feel very mighty all of a sudden. The orc hits you but does no damage.
The orc closely misses you. You furiously retaliate!
You headbutt the orc!
You kill the orc!
Trog accepts your kill. The orc hits you but does no damage.
The scorpion stings you but does no damage.
It was a potion of resistance.
You feel protected. The orc hits you with a +0 flail.
* * * LOW HITPOINT WARNING * * *
The orc hits you but does no damage. The scorpion barely misses you.
Unknown command.
It was a potion of cancellation.
Your magical effects are unravelling.
You feel magically purged.
You feel a little less mighty now.
Your resistance to elements expires.
You hear some strange, mumbled words.
A puff of flame appears from out of thin air!
The puff of flame hits you.
You die...

#. ....#
#.. #
...>#
...#.
...(# #.#.
#.... #
...#
..(...
#..#..#.#
###o)†...#
#..{@s#
#.##o.#
##..?
##...
..... ....
... ...


You could see a scorpion and 2 orcs.

Vanquished Creatures
  An orc sorcerer (Abyss:1)
  The ghost of turdburglar the Insei, an amateur HuTm of the Shining One (D:4)
  Menkaure (D:4)
  A scorpion (D:4)
  A centaur zombie (Ossuary)
  A human zombie (Ossuary)
  3 orc priests (D:4)
  Crazy Yiuf (D:3)
  2 iguanas
  2 orc wizards (D:4)
  2 mummies (Ossuary)
  3 gnolls (D:3)
  11 adders
  6 worms
  4 dart slugs
  9 orcs
  3 bats
  8 endoplasms
  2 giant cockroaches (D:1)
  4 gnoll zombies (Ossuary)
  5 goblins
  10 hobgoblins
  8 kobolds
  A quokka (D:2)
  7 ball pythons
  4 frilled lizards
  4 goblin zombies (Ossuary)
  3 hobgoblin zombies (Ossuary)
  An orc zombie (Ossuary)
  3 rats (D:1)
  A bush (D:2)
113 creatures vanquished.

Vanquished Creatures (others)
  2 plants (D:2)
2 creatures vanquished.

Grand Total: 115 creatures vanquished

Notes
Turn   | Place    | Note
-------+----------+-------------------------------------------
     0 | D:1      | snetch the Minotaur Berserker began the quest for the Orb.
     0 | D:1      | Reached XP level 1. HP: 19/19 MP: 0/0
   216 | D:1      | Reached XP level 2. HP: 27/27 MP: 1/1
   611 | D:2      | Reached skill level 4 in Axes
   620 | D:2      | Reached XP level 3. HP: 15/33 MP: 2/2
  1425 | D:2      | Reached ** piety under Trog
  1538 | D:2      | Reached XP level 4. HP: 13/41 MP: 3/3
  1836 | D:4      | Noticed Menkaure
  1843 | D:4      | Reached skill level 5 in Axes
  1843 | D:4      | Killed Menkaure
  1844 | D:4      | Reached XP level 5. HP: 27/47 MP: 4/4
  1872 | D:4      | Noticed turdburglar's ghost (amateur HuTm)
  1877 | D:4      | Found a runed translucent door.
  1893 | D:4      | Reached skill level 1 in Maces & Flails
  2064 | D:4      | Reached skill level 5 in Fighting
  2064 | D:4      | Reached XP level 6. HP: 41/56 MP: 5/5
  2078 | D:4      | Reached skill level 6 in Axes
  2185 | D:4      | Reached skill level 1 in Throwing
  2192 | D:4      | Found a sand-covered staircase.
  2198 | Ossuary  | Entered an ossuary
  2418 | Ossuary  | Reached XP level 7. HP: 57/61 MP: 6/6
  2473 | Ossuary  | Reached *** piety under Trog
  3292 | D:3      | Found a runed translucent door.
  3293 | D:3      | Noticed Crazy Yiuf
  3298 | D:3      | Killed Crazy Yiuf
  3987 | D:5      | Entered Level 5 of the Dungeon
  4120 | D:4      | Killed turdburglar's ghost
  4351 | D:5      | Cast into level 1 of the Abyss (orc wizard)
  4435 | Abyss:1  | Noticed an orc sorcerer
  4449 | Abyss:1  | Noticed a hellwing
  4450 | Abyss:1  | Killed an orc sorcerer
  4450 | Abyss:1  | Noticed a small abomination
  4453 | D:5      | Escaped the Abyss
  4455 | D:5      | HP: 1/61 [orc/+0 flail (3)]
  4456 | D:5      | Killed from afar by an orc wizard

Illustrated notes

Levels and vault maps discovered:
D:1:      onia_arrival_mini_spirals, layout_basic,
          wander_ebering_terrifying_dragon_lair
D:2:      layout_rooms, serial_forest, infiniplex_forest_straight_4,
          infiniplex_forest_end_3, infiniplex_forest_corner_2,
          infiniplex_forest_zigzag_2, infiniplex_forest_straight_2,
          minmay_octomino_c4
D:3:      layout_loops_cross, uniq_crazy_yiuf_cottage
D:4:      layout_cave_pods, nicolae_ossuary_entry_monument,
          hellmonk_ghost_happy_afterlife, serial_park_tiny_pond, uniq_menkaure
D:5:      layout_rooms, temple_statues, kennysheep_generic_room_5

Skill      XL: |  1  2  3  4  5  6  7 |
---------------+----------------------+-----
Fighting       | 4 5 |  5.4
Axes           | 4 5 6 |  6.9
Armour         | 3 4 |  4.8
Dodging        | 3 |  3.4
Maces & Flails | 1 2 4 |  4.2
Throwing       | 1 2 |  2.4
Stealth        | |  0.9

Action                   |  1- 3 |  4- 6 |  7- 9 || total
-------------------------+-------+-------+-------++-------
Melee: Hand axe          |    90 |     6 |       ||    96
       Headbutt          |    14 |    20 |    17 ||    51
       Punch             |     1 |     2 |     2 ||     5
       Whip              |       |    77 |   118 ||   195
       War axe           |       |     7 |       ||     7
Throw: Dart              |       |     7 |    18 ||    25
       Stone             |       |       |     4 ||     4
Invok: Trog's Hand       |       |     2 |     1 ||     3
       Berserk           |       |     1 |     2 ||     3
  Use: Potion            |       |       |     3 ||     3
Armor: Leather armour    |    23 |       |       ||    23
       Chain mail        |    12 |    59 |    53 ||   124
Dodge: Dodged            |    46 |    54 |    31 ||   131

Table legend: (Time is in decaauts)
 A = Elapsed time spent in this place.
 B = Non-inter-level travel time spent in this place.
 C = Inter-level travel time spent in this place.
 D = Time resting spent in this place.
 E = Time spent auto-exploring this place.
 F = Levels seen in this place.
 G = Mean time per level.
                   A        B        C        D        E       F      G
               +--------+--------+--------+--------+--------+-----+--------+
         Total |   4469 |   4275 |    194 |    151 |   2761 |   7 |  638.4 |
       Dungeon |   3935 |   3741 |    194 |    151 |   2318 |   5 |  787.0 |
         Abyss |    109 |    109 |      0 |      0 |     81 |   1 |  109.0 |
       Ossuary |    424 |    424 |      0 |      0 |    362 |   1 |  424.0 |
               +--------+--------+--------+--------+--------+-----+--------+

Top non-repeatable levels by time:
     D:1: 1091 daAuts
     D:4: 1015 daAuts
     D:2: 1001 daAuts
     D:3: 796 daAuts
 Ossuary: 424 daAuts
 Abyss:1: 109 daAuts
     D:5: 31 daAuts
